AoeStats
← the_bgrad

Golden Pit

509510799Analyzed
1v1 RM · 4d ago on Sep 27, 2026· 33m 13s· 2 players
Game mode
Random Map
Map size
Tiny (2 player)
Population
200
Speed
Normal
Resources
Standard
Victory
Conquest
Starting age
Dark Age
Ending age
Imperial Age
RankedLock teamsTeams togetherTeam positionsShared explorationLock speedFull tech treeHidden civsTurbo modeCheats
Victory
Defeat
🇨🇱 Mapuche · Chile
870
+15
🇨🇱 Spanish · Chile
855
-15
the_bgrad
8:22 Loom
10:57 Feudal Age
15:58 Castle Age
14:57 Double-Bit Axe
19:45 Bow Saw
28:51 Elite Skirmisher
King
10:36 Feudal Age
11:54 Loom
14:48 Castle Age
12:53 Horse Collar
13:47 Double-Bit Axe
15:49 Fletching
18:06 Town Watch
18:24 Gold Mining
19:22 Bodkin Arrow
20:34 Wheelbarrow
20:38 Padded Archer Armor
22:36 Leather Archer Armor
27:31 Gold Shaft Mining
29:35 Malon
30:06 Ballistics
31:32 Masonry
Connection lost

Rejoining the realm…

Still unreachable

The connection could not be restored.

Session expired

The server has moved on; the page needs a fresh start.